TOP OF THE 1ST |
---|
Rutgers Scarlet Knights batting - Pitching for Washington State Cougars : RHP Pat Johnson | Pitching: RHP Pat Johnson | | Batting: SHB Pat Brock | 0-0: Bunted foul 0-1: Ball 1-1: Fly out, F7 (Flyball, 78S) | Batting: RHB Michael Gibson | 0-0: Ball 1-0: Called Strike 1-1: Ball 2-1: DOUBLE (Line Drive, 5D) | Batting: RHB Howard Battle | 0-0: Ground out U3 (Groundball, 34) Michael Gibson to third | Batting: RHB Harry Wilkins | 0-0: Called Strike 0-1: Swinging Strike 0-2: Ball 1-2: Ball 2-2: Ball 3-2: Base on Balls | Batting: RHB Randy Guthrie | 0-0: Ball 1-0: Fly out, F7 (Flyball, 7D) | Top of the 1st over - 0 runs, 1 hit, 0 errors, 2 left on base; Rutgers 0 - Washington State 0 | BOTTOM OF THE 1ST |
---|
Washington State Cougars batting - Pitching for Rutgers Scarlet Knights : RHP Jorge Rodríguez | Pitching: RHP Jorge Rodríguez | | Batting: RHB Merlin Dobbin | 0-0: Ball 1-0: Fly out, F5 (Popup, 5SF) | Batting: SHB Jeff Page | 0-0: Called Strike 0-1: Ball 1-1: Swinging Strike 1-2: Ball 2-2: Foul Ball, location: 2F 2-2: Foul Ball, location: 2F 2-2: Ground out U3 (Groundball, 3) | Batting: RHB Millard Cummings | 0-0: Called Strike 0-1: Ground out 5-3 (Groundball, 56) | Bottom of the 1st over - 0 runs, 0 hits, 0 errors, 0 left on base; Rutgers 0 - Washington State 0 | TOP OF THE 2ND |
---|
Rutgers Scarlet Knights batting - Pitching for Washington State Cougars : RHP Pat Johnson | Batting: LHB Andre Montgomery | 0-0: Swinging Strike 0-1: Foul Ball, location: 2F 0-2: Ball 1-2: Foul Ball, location: 2F 1-2: Ground out U3 (Groundball, 34) | Batting: RHB Joseph McCarteney | 0-0: Ball 1-0: Foul Ball, location: 2F 1-1: Swinging Strike 1-2: Ball 2-2: Strikes out looking | Batting: LHB Dennis Montgomery | 0-0: Ball 1-0: SINGLE (Groundball, 4MD) | Batting: RHB Norm Gunn | 0-0: 2-RUN HOME RUN (Flyball, 7D), Distance : 356 ft | Batting: SHB Pat Brock | 0-0: Called Strike 0-1: Ball 1-1: Called Strike 1-2: Strikes out swinging, 2-3 out at first. | Top of the 2nd over - 2 runs, 2 hits, 0 errors, 0 left on base; Rutgers 2 - Washington State 0 | BOTTOM OF THE 2ND |
---|
Washington State Cougars batting - Pitching for Rutgers Scarlet Knights : RHP Jorge Rodríguez | Batting: RHB Jesse Pérez | 0-0: Ground out 5-3 (Groundball, 56S) | Batting: RHB Ian Hill | 0-0: Ball 1-0: Ball 2-0: Ground out 6-3 (Groundball, 56) | Batting: RHB Julius Bell | 0-0: Ball 1-0: Called Strike 1-1: Swinging Strike 1-2: Ball 2-2: Fly out, F9 (Flyball, 9S) | Bottom of the 2nd over - 0 runs, 0 hits, 0 errors, 0 left on base; Rutgers 2 - Washington State 0 | TOP OF THE 3RD |
---|
Rutgers Scarlet Knights batting - Pitching for Washington State Cougars : RHP Pat Johnson | Batting: RHB Michael Gibson | 0-0: Ground out 5-3 (Groundball, 56S) | Batting: RHB Howard Battle | 0-0: Foul Ball, location: 2F 0-1: Called Strike 0-2: Ball 1-2: Strikes out swinging | Batting: RHB Harry Wilkins | 0-0: Called Strike 0-1: Ball 1-1: Ball 2-1: Ground out 6-3 (Groundball, 6) | Top of the 3rd over - 0 runs, 0 hits, 0 errors, 0 left on base; Rutgers 2 - Washington State 0 | BOTTOM OF THE 3RD |
---|
Washington State Cougars batting - Pitching for Rutgers Scarlet Knights : RHP Jorge Rodríguez | Batting: LHB Jorge Ramírez | 0-0: Bunt for hit - play at first, batter OUT! 1-3 | Batting: RHB Charlie Owens | 0-0: SINGLE (Flyball, 9S) | Batting: RHB Walt Hamilton | 0-0: Ball 1-0: Ball 2-0: Ball 3-0: Called Strike 3-1: Base on Balls Charlie Owens to second | Batting: RHB Merlin Dobbin | 0-0: Ball 1-0: Foul Ball, location: 2F 1-1: Swinging Strike 1-2: Ball 2-2: Strikes out swinging | Batting: SHB Jeff Page | 0-0: Ball 1-0: Called Strike 1-1: Ball 2-1: Fly out, F7 (Flyball, 78M) | Bottom of the 3rd over - 0 runs, 1 hit, 0 errors, 2 left on base; Rutgers 2 - Washington State 0 | TOP OF THE 4TH |
---|
Rutgers Scarlet Knights batting - Pitching for Washington State Cougars : RHP Pat Johnson | Batting: RHB Randy Guthrie | 0-0: Foul Ball, location: 2F 0-1: Ball 1-1: Swinging Strike 1-2: Foul Ball, location: 2F 1-2: Ground out 6-3 (Groundball, 6) | Batting: LHB Andre Montgomery | 0-0: Called Strike 0-1: Ball 1-1: SINGLE (Popup, 3D) | Batting: RHB Joseph McCarteney | 0-0: Fly out, F3 (Popup, 3L) | Batting: LHB Dennis Montgomery | 0-0: Ball 1-0: Ball Andre Montgomery is caught stealing 2nd base | Top of the 4th over - 0 runs, 1 hit, 0 errors, 0 left on base; Rutgers 2 - Washington State 0 | BOTTOM OF THE 4TH |
---|
Washington State Cougars batting - Pitching for Rutgers Scarlet Knights : RHP Jorge Rodríguez | Batting: RHB Millard Cummings | 0-0: Called Strike 0-1: Ball 1-1: Ball 2-1: Fly out, F8 (Flyball, 8RM) | Batting: RHB Jesse Pérez | 0-0: SINGLE (Line Drive, 4M) | Batting: RHB Ian Hill | 0-0: Ball 1-0: Ball 2-0: Ball 3-0: Called Strike 3-1: Base on Balls Jesse Pérez to second | Batting: RHB Julius Bell | 0-0: Ball 1-0: Ball 2-0: Called Strike 2-1: Called Strike 2-2: Strikes out looking | Batting: LHB Jorge Ramírez | 0-0: Fly out, F7 (Line Drive, 7) | Bottom of the 4th over - 0 runs, 1 hit, 0 errors, 2 left on base; Rutgers 2 - Washington State 0 | TOP OF THE 5TH |
---|
Rutgers Scarlet Knights batting - Pitching for Washington State Cougars : RHP Pat Johnson | Batting: LHB Dennis Montgomery | 0-0: Ball 1-0: Ball 2-0: Ball 3-0: Base on Balls | Batting: RHB Norm Gunn | 0-0: Ball 1-0: SINGLE (Line Drive, 6MD) Dennis Montgomery to second | Batting: SHB Pat Brock | 0-0: Foul Ball, location: 2F 0-1: Ball 1-1: Ball 2-1: Ball Wild Pitch! Dennis Montgomery to third Norm Gunn to second 3-1: Foul Ball, location: 2F 3-2: Fly out, F6 (Line Drive, 6M) | Batting: RHB Michael Gibson | 0-0: Fly out, F9 (Flyball, 9D) Runner from 3rd tags up, SCORES, throw made | Batting: RHB Howard Battle | 0-0: Foul Ball, location: 2F 0-1: Called Strike 0-2: Fly out, F7 (Flyball, 7S) | Top of the 5th over - 1 run, 1 hit, 0 errors, 1 left on base; Rutgers 3 - Washington State 0 | BOTTOM OF THE 5TH |
---|
Washington State Cougars batting - Pitching for Rutgers Scarlet Knights : RHP Jorge Rodríguez | Batting: RHB Charlie Owens | 0-0: Ball 1-0: Ball 2-0: Ball 3-0: Foul Ball, location: 2F 3-1: Foul Ball, location: 2F 3-2: Strikes out swinging | Batting: RHB Walt Hamilton | 0-0: Ball 1-0: Foul Ball, location: 2F 1-1: Foul Ball, location: 2F 1-2: Foul Ball, location: 2F 1-2: Ball 2-2: SINGLE (Line Drive, 9S) | Batting: RHB Merlin Dobbin | 0-0: Foul Ball, location: 2F 0-1: Ball 1-1: Ball 2-1: SINGLE (Groundball, 34D) Walt Hamilton to second | Batting: SHB Jeff Page | 0-0: Called Strike 0-1: Ball 1-1: Ball 2-1: Ball 3-1: Base on Balls Walt Hamilton to third Merlin Dobbin to second | Batting: RHB Millard Cummings | 0-0: Foul Ball, location: 2F 0-1: SINGLE (Line Drive, 8RS) Walt Hamilton scores Merlin Dobbin to third Jeff Page to second | Batting: LHB Ed Bailey | 0-0: Ball 1-0: Swinging Strike 1-1: Swinging Strike 1-2: Fly out, F8 (Flyball, 8LD) Throwing error, E8 Merlin Dobbin scores Jeff Page to third Millard Cummings to second | Batting: RHB Ian Hill | 0-0: Foul Ball, location: 2F 0-1: Fly out, F7 (Flyball, 7S) | Bottom of the 5th over - 2 runs, 3 hits, 1 error, 2 left on base; Rutgers 3 - Washington State 2 | TOP OF THE 6TH |
---|
Rutgers Scarlet Knights batting - Pitching for Washington State Cougars : RHP Pat Johnson | Now in LF: Ed Bailey | | Batting: RHB Harry Wilkins | 0-0: Foul Ball, location: 2F 0-1: Ball 1-1: Ball 2-1: Called Strike 2-2: Ball 3-2: SOLO HOME RUN (Flyball, 7LD), Distance : 317 ft | Batting: RHB Randy Guthrie | 0-0: Called Strike 0-1: Called Strike 0-2: Ball 1-2: Strikes out swinging | Batting: LHB Andre Montgomery | 0-0: Ball 1-0: Ball 2-0: Ball 3-0: Base on Balls | Pitching: RHP Nick Olson | | Batting: RHB Joseph McCarteney | 0-0: Called Strike 0-1: Fielders Choice at 2nd, 6-4 (Groundball, 6) | Batting: LHB Dennis Montgomery | 0-0: Called Strike 0-1: Hit by Pitch Joseph McCarteney to second | Batting: RHB Norm Gunn | 0-0: SINGLE (Groundball, 6MD) Joseph McCarteney to third Dennis Montgomery to second Runner from 3rd tries for Home, SAFE, throw made home | Batting: SHB Pat Brock | 0-0: Ball 1-0: Foul Ball, location: 2F 1-1: Ball 2-1: Foul Ball, location: 2F 2-2: Fly out, F8 (Flyball, 89D) | Top of the 6th over - 2 runs, 2 hits, 0 errors, 2 left on base; Rutgers 5 - Washington State 2 | BOTTOM OF THE 6TH |
---|
Washington State Cougars batting - Pitching for Rutgers Scarlet Knights : RHP Jorge Rodríguez | Pitching: RHP Joey Williams | | Batting: RHB Julius Bell | 0-0: Called Strike 0-1: Ball 1-1: Called Strike 1-2: Foul Ball, location: 2F 1-2: Ball 2-2: Strikes out looking | Batting: LHB Jorge Ramírez | 0-0: Ball 1-0: Ball 2-0: Foul Ball, location: 2F 2-1: Called Strike 2-2: Fly out, F3 (Line Drive, 3) | Batting: RHB Charlie Owens | 0-0: SOLO HOME RUN (Flyball, 9LD), Distance : 320 ft | Batting: RHB Walt Hamilton | 0-0: Ball 1-0: Ball 2-0: Called Strike 2-1: Ball 3-1: Base on Balls | Batting: RHB Merlin Dobbin | 0-0: Called Strike 0-1: Ball 1-1: Ball 2-1: Ground out 4-3 (Groundball, 4) | Bottom of the 6th over - 1 run, 1 hit, 0 errors, 1 left on base; Rutgers 5 - Washington State 3 | TOP OF THE 7TH |
---|
Rutgers Scarlet Knights batting - Pitching for Washington State Cougars : RHP Nick Olson | Batting: RHB Michael Gibson | 0-0: Ball 1-0: Called Strike 1-1: Ground out 6-3 (Groundball, 6) | Batting: RHB Howard Battle | 0-0: Swinging Strike 0-1: Swinging Strike 0-2: Ball 1-2: Strikes out swinging | Batting: RHB Harry Wilkins | 0-0: Ball 1-0: Foul Ball, location: 2F 1-1: Ball 2-1: Ball 3-1: Base on Balls | Batting: RHB Randy Guthrie | 0-0: Called Strike 0-1: Ball 1-1: Ball 2-1: Swinging Strike 2-2: Foul Ball, location: 2F 2-2: Ball 3-2: Base on Balls Harry Wilkins to second | Batting: LHB Andre Montgomery | 0-0: Called Strike 0-1: Foul Ball, location: 2F 0-2: Foul Ball, location: 2F 0-2: Ball 1-2: Hit by Pitch Harry Wilkins to third Randy Guthrie to second | Batting: RHB Joseph McCarteney | 0-0: Called Strike 0-1: Ball 1-1: Foul Ball, location: 2F 1-2: Foul Ball, location: 2F 1-2: Ball 2-2: Strikes out looking | Top of the 7th over - 0 runs, 0 hits, 0 errors, 3 left on base; Rutgers 5 - Washington State 3 | BOTTOM OF THE 7TH |
---|
Washington State Cougars batting - Pitching for Rutgers Scarlet Knights : RHP Joey Williams | Batting: SHB Jeff Page | 0-0: Ball 1-0: Ball 2-0: Called Strike 2-1: Ball 3-1: Swinging Strike 3-2: Foul Ball, location: 2F 3-2: Fly out, F8 (Line Drive, 8RD) | Batting: RHB Millard Cummings | 0-0: Called Strike 0-1: Ball 1-1: Foul Ball, location: 2F 1-2: Fly out, F3 (Popup, 3F) | Batting: LHB Ed Bailey | 0-0: Ball 1-0: Ball 2-0: Foul Ball, location: 2F 2-1: Called Strike 2-2: Strikes out swinging | Bottom of the 7th over - 0 runs, 0 hits, 0 errors, 0 left on base; Rutgers 5 - Washington State 3 | TOP OF THE 8TH |
---|
Rutgers Scarlet Knights batting - Pitching for Washington State Cougars : RHP Nick Olson | Batting: LHB Dennis Montgomery | 0-0: Ground out 4-3 (Groundball, 34) | Batting: RHB Norm Gunn | 0-0: Ball 1-0: Ball 2-0: Called Strike 2-1: Swinging Strike 2-2: SINGLE (Line Drive, 7S) | Batting: SHB Pat Brock | 0-0: Ball 1-0: Called Strike 1-1: Called Strike 1-2: Strikes out looking | Batting: RHB Michael Gibson | 0-0: Called Strike 0-1: Ball 1-1: Ball 2-1: Fly out, F2 (Popup, 2RF) | Top of the 8th over - 0 runs, 1 hit, 0 errors, 1 left on base; Rutgers 5 - Washington State 3 | BOTTOM OF THE 8TH |
---|
Washington State Cougars batting - Pitching for Rutgers Scarlet Knights : RHP Joey Williams | Batting: RHB Ian Hill | 0-0: Called Strike 0-1: Ball 1-1: Ground out 4-3 (Groundball, 34) | Batting: RHB Julius Bell | 0-0: Foul Ball, location: 2F 0-1: Ball 1-1: Called Strike 1-2: Ball 2-2: Foul Ball, location: 2F 2-2: Strikes out swinging | Batting: LHB Jorge Ramírez | 0-0: Called Strike 0-1: Ball 1-1: Foul Ball, location: 2F 1-2: SINGLE (Flyball, 7S) | Batting: RHB Charlie Owens | 0-0: Called Strike 0-1: Ball 1-1: Ball 2-1: Ball 3-1: Foul Ball, location: 2F 3-2: Ground out 6-3 (Groundball, 6) | Bottom of the 8th over - 0 runs, 1 hit, 0 errors, 1 left on base; Rutgers 5 - Washington State 3 | TOP OF THE 9TH |
---|
Rutgers Scarlet Knights batting - Pitching for Washington State Cougars : RHP Nick Olson | Batting: RHB Howard Battle | 0-0: Foul Ball, location: 2F 0-1: Called Strike 0-2: Fly out, F8 (Line Drive, 8RD) | Batting: RHB Harry Wilkins | 0-0: SOLO HOME RUN (Flyball, 7D), Distance : 357 ft | Batting: RHB Randy Guthrie | 0-0: Fly out, F9 (Flyball, 9) | Batting: LHB Andre Montgomery | 0-0: Ball 1-0: Ball 2-0: Ball 3-0: Base on Balls | Batting: RHB Joseph McCarteney | 0-0: Ball 1-0: Ball 2-0: SINGLE (Flyball, 8RS) Andre Montgomery to second Runner from 2nd tries for 3rd, OUT! | Top of the 9th over - 1 run, 2 hits, 0 errors, 1 left on base; Rutgers 6 - Washington State 3 | BOTTOM OF THE 9TH |
---|
Washington State Cougars batting - Pitching for Rutgers Scarlet Knights : RHP Joey Williams | Batting: RHB Walt Hamilton | 0-0: Called Strike 0-1: SINGLE (Flyball, 89S) | Pitching: RHP Tommy Holmes | | Batting: RHB Merlin Dobbin | 0-0: Fly out, F7 (Flyball, 7) | Batting: SHB Jeff Page | 0-0: Ball 1-0: SINGLE (Line Drive, 8LS) Walt Hamilton to second | Batting: RHB Millard Cummings | 0-0: Ball 1-0: Ball 2-0: Fly out, F5 (Popup, 15) | Batting: LHB Ed Bailey | 0-0: Swinging Strike 0-1: Swinging Strike 0-2: Strikes out swinging | Bottom of the 9th over - 0 runs, 2 hits, 0 errors, 2 left on base; Rutgers 6 - Washington State 3 | |